 Dungeon Crawl Stone Soup version 0.28-a0-769-g550dbda0cd (webtiles) character file.

Game seed: 8454996264312514521

791 Demosthentine the Firebug (level 7, 0/50 HPs)
             Began as a Yellow Draconian Fire Elementalist on Oct 31, 2021.
             Slain by a wyvern skeleton (10 damage)
             ... on level 4 of the Dungeon.
             The game lasted 00:12:02 (5540 turns).

Demosthentine the Firebug (DrFE)                    Turns: 5540, Time: 00:12:03

Health: 0/50       AC:  6    Str: 10    XL:     7   Next: 57%
Magic:  9/13       EV: 13    Int: 17    God:
Gold:   138        SH:  0    Dex: 12    Spells: 4/14 levels left

rFire   . . .      SeeInvis .   (no weapon)
rCold   . . .      Faith    .   (no shield)
rNeg    + . .      Spirit   .   (armour unavailable)
rPois   .          Reflect  .   (helmet restricted)
rElec   .          Harm     .   (no cloak)
rCorr   +          Rampage  .   (no gloves)
Will    .....                   (no boots)
Stlth   ++........              l - amulet of magic regeneration
HPRegen 0.16/turn               a - ring of positive energy
MPRegen 0.38/turn               (no ring)

@: no status effects
A: spit acid, AC +6, unfitting armour, cold-blooded, acid resistance
a: Breathe Acid


You were on level 4 of the Dungeon.
You visited 1 branch of the dungeon, and saw 4 of its levels.

You collected 138 gold pieces.

Inventory:

Magical Staves
 p - a staff of air
Jewellery
 a - a ring of positive energy (left hand)
 l - an amulet of magic regeneration (around neck)
Wands
 h - a wand of iceblast (4)
Scrolls
 j - a scroll of enchant armour
Potions
 b - 3 potions of magic
 c - a potion of haste
 d - a potion of ambrosia {unknown}
 e - a potion of might
 f - a potion of resistance {unknown}
 g - 2 potions of curing {unknown}


   Skills:
 + Level 4.2 Dodging
 - Level 1.7 Stealth
 + Level 4.3 Spellcasting
 + Level 4.2 Conjurations
 + Level 5.1 Fire Magic


You had 4 spell levels left.
You knew the following spells:

 Your Spells              Type           Power      Damage    Failure   Level
a - Foxfire               Conj/Fire      76%        2x1d7     2%          1
b - Scorch                Fire           42%        2d7       2%          2
c - Conjure Flame         Conj/Fire      19%        6-21      7%          3
d - Flame Wave            Conj/Fire      19%        3d5       22%         4

Your spell library contained the following spells:

 Spells                   Type           Power      Damage    Failure   Level
 Inner Flame              Hex/Fire       12%        N/A       16%         3


Dungeon Overview and Level Annotations

Branches:
Dungeon (4/15)
 Temple: D:4-7

Altars:
Nemelex Xobeh
Qazlal

Annotations:
D:4 croobank's ghost, amateur GrEE


Innate Abilities, Weirdness & Mutations

You can spit globs of acid.
Your golden yellow scales are hard. (AC +6)
You cannot fit into any form of body armour.
You are cold-blooded and may be slowed by cold attacks.
You are resistant to acid. (rCorr)


Message History

* * * LOW HITPOINT WARNING * * *
Croobank's ghost hits you.
* * * LOW HITPOINT WARNING * * *
Croobank's ghost freezes you.
* * * LOW HITPOINT WARNING * * *
Unknown command.
Unknown command.
You feel much better.
You feel yourself speed up.
The foxfire hits croobank's ghost but does no damage.
Croobank's ghost is moderately damaged.
The foxfire hits the water moccasin skeleton.
You destroy the water moccasin skeleton!
The wyvern skeleton barely misses you. Croobank's ghost hits you.
You feel yourself slow down. Croobank's ghost freezes you.
The wyvern skeleton closely misses you.
Unknown command.
Okay, then.
Unknown command.
The water moccasin zombie barely misses you.
The wyvern skeleton misses you.
The water moccasin zombie barely misses you.
The wyvern skeleton completely misses you.
Croobank's ghost hits you. Croobank's ghost freezes you.
Unknown command.
You feel yourself speed up.
The water moccasin zombie closely misses you.
Unknown command.
The wyvern skeleton bites you!
* * * LOW HITPOINT WARNING * * *
Casting: Foxfire (safe; 2% risk of failure)
Confirm with . or Enter, or press ? or * to list all spells.
Flames lash croobank's ghost but do no damage.
The water moccasin zombie bites you but does no damage.
Unknown command.
Unknown command.
The wyvern skeleton bites you.
* * * LOW HITPOINT WARNING * * *
The wyvern skeleton bites you!
You die...

............# ##..#...##...$.##..
.......####.####.###..#.......#..
.......# ##..##.## #..###'''###..
......####....#.# #.............
................####W.#..........
.....##.........##...##....##....
....####...........####....##...#
...## #....#....Z####...#......#
...# ##.......@#>......##....##
..## ###.........>..............#
..####..###....##................
......#####.....#................
.....## #..##........≈.≈^^≈.....
#....# ##..##....≈.#≈≈.^.##.....
###..## #..###....^.##..^#§#.....
###...###.####.....##≈≈..##^§....
#........###....#.^≈....^≈^^....


You could see croobank's ghost and a wyvern skeleton.

Vanquished Creatures
  Grinder (D:4)
  Sigmund (D:3)
  A scorpion (D:4)
  A bullfrog (D:4)
  A water moccasin skeleton (D:4)
  A hound (D:4)
  3 orc priests
  A bullfrog skeleton (D:4)
  Jessica (D:2)
  4 adders
  A dart slug (D:4)
  9 orcs
  3 ball pythons
  3 endoplasms
  A giant cockroach (D:2)
  4 goblins
  5 hobgoblins
  2 kobolds
  A quokka (D:2)
  6 bats
  5 frilled lizards
  6 rats
61 creatures vanquished.

Vanquished Creatures (others)
  216 foxfires
216 creatures vanquished.

Grand Total: 277 creatures vanquished

Notes
Turn   | Place    | Note
-------+----------+-------------------------------------------
     0 | D:1      | Demosthentine the Draconian Fire Elementalist began the
                  | quest for the Orb.
     0 | D:1      | Reached XP level 1. HP: 14/14 MP: 3/3
   802 | D:2      | Reached XP level 2. HP: 20/20 MP: 3/5
  1456 | D:2      | Noticed Jessica
  1460 | D:2      | Killed Jessica
  1461 | D:2      | Reached XP level 3. HP: 26/26 MP: 3/6
  2140 | D:2      | Reached XP level 4. HP: 33/33 MP: 5/7
  2345 | D:2      | Learned a level 2 spell: Scorch
  2349 | D:2      | Learned a level 3 spell: Conjure Flame
  2765 | D:3      | Noticed Sigmund
  2898 | D:3      | Killed Sigmund
  2899 | D:3      | Reached skill level 4 in Fire Magic
  2899 | D:3      | Reached XP level 5. HP: 23/38 MP: 3/10
  2899 | D:3      | Reached XP level 6. HP: 28/45 MP: 3/11
  3023 | D:3      | Found a faded altar of an unknown god.
  3628 | D:3      | Learned a level 4 spell: Flame Wave
  3705 | D:4      | Noticed Grinder
  3708 | D:4      | Paralysed by Grinder for 7 turns
  3721 | D:4      | Paralysed by Grinder for 2 turns
  3722 | D:4      | Killed Grinder
  3909 | D:4      | Your scales start taking on a golden yellow colour.
  3909 | D:4      | Reached XP level 7. HP: 22/50 MP: 0/12
  3909 | D:4      | Gained mutation: You are resistant to acid. (rCorr) [Yellow
                  | Draconian growth]
  4186 | D:4      | Found a stormy altar of Qazlal.
  4533 | D:4      | Reached skill level 5 in Fire Magic
  4741 | D:4      | Found a runed translucent gate.
  4741 | D:4      | Found a runed translucent gate.
  4741 | D:4      | Found a runed translucent gate.
  4746 | D:4      | Noticed croobank's ghost (amateur GrEE)
  5177 | D:4      | Found a sparkling altar of Nemelex Xobeh.
  5540 | D:4      | Slain by a wyvern skeleton

Illustrated notes

Levels and vault maps discovered:
D:1:      dpeg_arrival_pits, layout_loops_ring
D:2:      layout_basic, uniq_jessica
D:3:      layout_loops_cross, shapermc_ecumenical_altar_notcrosses, uniq_sigmund
D:4:      layout_layer_cave, grunt_qazlal_sundering, nemelex_dance_club_becter,
          gammafunk_ghost_necromancy, uniq_grinder

Skill      XL: |  1  2  3  4  5  6  7 |
---------------+----------------------+-----
Dodging        | 2 3 4 |  4.2
Conjurations   | 2 3 4 |  4.2
Spellcasting   | 3 4 |  4.3
Fire Magic     | 4 5 |  5.1
Stealth        | |  1.7

Action                   |  1- 3 |  4- 6 |  7- 9 || total
-------------------------+-------+-------+-------++-------
Melee: Unarmed           |    11 |     6 |       ||    17
 Cast: Foxfire           |    55 |    30 |    49 ||   134
       Scorch            |       |    20 |     6 ||    26
  Use: Potion            |       |     3 |     2 ||     5
       Scroll            |       |     1 |     5 ||     6
Armor: Skin              |    11 |    15 |    13 ||    39
Dodge: Dodged            |    16 |    24 |    27 ||    67

Table legend: (Time is in decaauts)
 A = Elapsed time spent in this place.
 B = Non-inter-level travel time spent in this place.
 C = Inter-level travel time spent in this place.
 D = Time resting spent in this place.
 E = Time spent auto-exploring this place.
 F = Levels seen in this place.
 G = Mean time per level.
                   A        B        C        D        E       F      G
               +--------+--------+--------+--------+--------+-----+--------+
         Total |   5544 |   5485 |     59 |     70 |   4667 |   4 | 1386.0 |
       Dungeon |   5544 |   5485 |     59 |     70 |   4667 |   4 | 1386.0 |
               +--------+--------+--------+--------+--------+-----+--------+

Top non-repeatable levels by time:
     D:4: 1902 daAuts
     D:2: 1807 daAuts
     D:3: 1184 daAuts
     D:1: 650 daAuts
